Map: Catalyst LE

Players

CinDra - Winner!

  • Race: Zerg Zerg
  • League: Silver
  • Spawn Location: 5:00

BroBro

  • Race: Zerg Zerg
  • League: Silver
  • Spawn Location: 11:00

VOD

Have the link to the VOD?

Description

Time

  • Played on: Feb. 22, 2018, 3:13 p.m.
  • Length: 8:50
Show
View Real Time Build Order
Export as new Build Order

CinDra Zerg - Winner!

Build Orders: Hatch First 

Get SALT Encoding   

  12  0:01  Drone  
  13  0:13  Overlord  
  13  0:20  Drone  
  14  0:31  Drone x2  
  14  0:35  Drone  
  17  0:56  Hatchery, Drone  
  17  1:00  Drone  
  18  1:07  Drone  
  19  1:17  Spawning Pool  
  18  1:18  Drone  
  19  1:28  Drone  
  19  1:32  Extractor  
  19  1:40  Drone  
  20  1:50  Overlord  
  20  2:00  Drone  
  21  2:07  Queen  
  21  2:08  Queen  
  23  2:11  Zergling x2  
  23  2:12  Zergling x2  
  27  2:18  Drone  
  28  2:26  Zergling x2  
  29  2:41  Drone x3  
  30  2:53  Metabolic Boost  
  30  2:55  Zergling x6  
  33  2:59  Queen  
  35  3:06  Zergling x2  
  35  3:09  Overlord  
  34  3:20  Zergling x2  
  34  3:21  Zergling x2  
  35  3:33  Zergling x8  
  35  3:34  Zergling x2, Overlord x2  
  40  3:35  Queen  
  42  3:44  Extractor  
  42  3:46  Drone x2  
  43  3:49  Roach Warren  
  40  4:04  Drone x4  
  40  4:05  Drone  
  45  4:22  Zergling x2  
  45  4:23  Zergling x6  
  49  4:27  Drone  
  50  4:34  Lair  
  50  4:35  Pneumatized Carapace  
  50  4:37  Drone x5  
  50  4:38  Drone x2  
  57  4:43  Overlord  
  57  5:17  Overlord, Roach x5  
  57  5:18  Overlord x3  
  67  5:29  Drone x2, Extractor  
  67  5:33  Extractor, Drone  
  68  5:50  Roach x3  
  68  5:51  Roach  
  68  5:52  Overseer x3  
  76  6:00  Roach x5  
  76  6:03  Drone  
  85  6:21  Roach x3  
  85  6:22  Roach  
  85  6:24  Zergling x6  
  96  6:29  Glial Reconstitution  
  96  6:42  Queen x2  
  100  6:50  Hydralisk Den  
  94  7:29  Hydralisk  
  93  7:30  Hydralisk x3  
Show
View Real Time Build Order
Export as new Build Order

BroBro Zerg 

Build Orders: Pool First 

Get SALT Encoding   

  12  0:01  Drone  
  13  0:08  Drone  
  14  0:17  Overlord  
  14  0:37  Extractor, Drone  
  14  0:38  Drone x2  
  16  0:50  Spawning Pool  
  16  0:51  Drone  
  16  1:04  Drone  
  17  1:15  Drone  
  18  1:36  Queen  
  20  1:41  Zergling x4  
  22  1:48  Overlord  
  22  1:52  Metabolic Boost  
  22  2:05  Hatchery  
  21  2:17  Zergling x6  
  23  2:57  Zergling x8  
  23  2:58  Zergling x2  
  28  3:17  Zergling x2  
  28  3:18  Zergling x2  
  26  3:31  Drone x6  
  26  3:34  Lair  
  32  3:41  Queen  
  34  4:01  Zergling x2  
  35  4:03  Overlord x2  
  35  4:36  Spire  
  35  4:38  Extractor, Drone x3  
  36  4:50  Drone x4  
  40  4:53  Extractor  
  40  4:59  Extractor  
  38  5:16  Roach Warren  
  38  5:18  Drone  
  38  5:19  Drone x5  
  43  5:22  Drone  
  43  5:23  Drone  
  45  5:48  Mutalisk x3  
  51  5:53  Overlord x3  
  51  5:58  Glial Reconstitution  
  51  6:21  Mutalisk  
  51  6:22  Mutalisk x4  
  61  6:54  Mutalisk  
  61  6:55  Mutalisk x2  
  48  8:18  Drone x3  
  49  8:26  Mutalisk  
Tags
 
Add a new tag
Caveats
  • Supply blocks, unpowered buildings, or Contaminate may cause inaccurate times.
  • Supply counts are checked every 10 seconds.